 Dungeon Crawl Stone Soup version 0.29-a0-275-g389c0b56f3 (webtiles) character file.

Game seed: 6618363783910906055

4223 spaghetti the Fighter (level 9, -3/90 HPs)
             Began as a Demigod Fighter on Mar 11, 2022.
             Slain by a demonic crawler (12 damage)
             ... on level 3 of the Abyss.
             The game lasted 00:13:36 (8811 turns).

spaghetti the Fighter (Demigod Fighter)             Turns: 8811, Time: 00:13:37

Health: -3/90      AC:  8    Str: 28    XL:     9   Next: 83%
Magic:  11/11      EV: 12    Int: 18    God:
Gold:   193        SH:  5    Dex: 13    Spells: 8/8 levels left

rFire   . . .      SeeInvis .   t - +9 short sword "Pulaiff" {freeze, *Noise rC++ Str+7, short}
rCold   + + .      Faith    .   b - +1 buckler
rNeg    + . .      Spirit   .   a - +0 scale mail
rPois   .          Reflect  .   (no helmet)
rElec   .          Harm     .   w - +0 cloak
rCorr   .          Rampage  .   i - +0 pair of gloves
Will    .....                   (no boots)
Stlth   ..........              (no amulet)
HPRegen 0.25/turn               o - ring of positive energy
MPRegen 0.12/turn               (no ring)

@: mighty
A: high MP 1, forlorn, divine attributes
a: no special abilities


You were on level 3 of the Abyss.
You visited 1 branch of the dungeon, and saw 9 of its levels.
You visited the Abyss 1 time.

You collected 373 gold pieces.
You spent 180 gold pieces at shops.


Innate Abilities, Weirdness & Mutations

You have an increased reservoir of magic. (+10% MP)
You shall have no god before yourself.
Your divine heritage dramatically boosts your attributes as you level up.


   Skills:
 - Level 12.0 Fighting
 - Level 2.6 Armour
 + Level 5.4 Dodging
 - Level 2.6 Shields
 - Level 3.6 Unarmed Combat


You had 8 spell levels left.
You didn't know any spells.
Your spell library contained the following spells:

 Spells                   Type           Power      Damage    Failure   Level
 Call Canine Familiar     Summ           0%         N/A       88%         3
 Portal Projectile        Hex/Tloc       0%         N/A       88%         3
 Leda's Liquefaction      Hex/Erth       0%         N/A       99%         4

Inventory:

Hand Weapons
 k - the +6 flail of Iceufuv {protect, rElec rF+, mace}
   (You found it on level 6 of the Dungeon)

   It grants its wielder temporary protection when it strikes (+7 to AC).
   rF:        It protects you from fire.
   rElec:     It insulates you from electricity.
 t - the +9 short sword "Pulaiff" (weapon) {freeze, *Noise rC++ Str+7, short}
   (You found it on level 2 of the Dungeon)

   It freezes those it strikes, dealing additional cold damage.
   It can also slow down cold-blooded creatures.
   Str:       It affects your strength (+7).
   rC:        It greatly protects you from cold.
   *Noise:    It may make noises in combat.
Missiles
 h - 18 poisoned darts {throwing}
 j - 281 stones (quivered) {throwing}
 z - 2 javelins {throwing}
Armour
 a - a +0 scale mail (worn)
 b - a +1 buckler (worn)
 d - an orb of light
   (You found it on level 1 of the Dungeon)
 i - a +0 pair of gloves (worn)
   (You found it on level 1 of the Dungeon)
 w - a +0 cloak (worn)
   (You took it off Crazy Yiuf on level 3 of the Dungeon)
Magical Staves
 g - a staff of conjuration {!a@e2staff}
   (You found it on level 6 of the Dungeon)
Jewellery
 l - a ring of protection from cold
   (You took it off an orc on level 8 of the Dungeon)
 o - a ring of positive energy (left hand)
   (You found it on level 6 of the Dungeon)
 y - a ring of resist corrosion
   (You found it on level 7 of the Dungeon)
Wands
 e - a wand of polymorph (12)
   (You found it on level 5 of the Dungeon)
 n - a wand of acid (6)
   (You found it on level 6 of the Dungeon)
 s - a wand of mindburst (24)
   (You found it on level 2 of the Dungeon)
Scrolls
 q - 2 scrolls of enchant weapon
Potions
 c - a potion of might
 f - a potion of attraction {!q}
 p - a potion of degeneration {unknown}
 r - 9 potions of curing {@q1}
 u - 2 potions of flight

Dungeon Overview and Level Annotations

Branches:
Dungeon (9/15)
 Temple: D:4-7         Lair: D:8-11         Orc: D:9-12

Annotations:
D:9 Psyche

.. #Ā§ # .# ..#
.... ##. #.. ..#
#.. . #.##..#.. .#
#.#.... ..#
#.....# .#.#
#...#h###.#
....##.55sĀ§Ā§...#
........ #@#
..##..#.535# #
.#..#55#x...
....#....#.#... #.
..#..####. #.
.#..###...# .# #.
###..#.# .. # #
..# ..# ## #..#..
## #


You could see a demonic crawler (catching breath), a raiju, a ynoxinul, a small
abomination and 6 ufetubi.


Message History

The ufetubus hits you but does no damage.
The demonic crawler misses you.
The demonic crawler barely misses you. x2
The ufetubus barely misses you. You block the ufetubus's attack.
The ufetubus misses you.
The ufetubus hits you but does no damage.
You barely miss the demonic crawler. The ufetubus closely misses you. x2
The ufetubus hits you but does no damage.
The ufetubus closely misses you. The demonic crawler barely misses you.
The demonic crawler hits you but does no damage.
The demonic crawler misses you.
The ufetubus hits you but does no damage.
The ufetubus barely misses you. x2; The ufetubus hits you.
The demonic crawler hits you. The demonic crawler hits you!
The demonic crawler barely misses you. šŸ˜® HP[-10]
You take 10 damage, and now have 47/90 hp.
You hit the demonic crawler but do no damage.
The ufetubus barely misses you. The ufetubus misses you.
The ufetubus closely misses you.
The ufetubus hits you but does no damage.
The demonic crawler barely misses you.
The demonic crawler closely misses you. x2
You block the ufetubus's attack. The ufetubus closely misses you.
You puncture the demonic crawler! You freeze the demonic crawler.
Your short sword "Pulaiff" shouts, "Left!
No, no, right!".
You feel a little less mighty now. The ufetubus closely misses you.
The ufetubus completely misses you.
The demonic crawler shrieks in warning!
You block the ufetubus's attack. x2; The demonic crawler hits you.
* * * LOW HITPOINT WARNING * * *
The demonic crawler hits you but does no damage. x2
You hear a bark! šŸ˜Ø HP[-3]
You take 3 damage, and now have 44/90 hp.
Unknown command.
You puncture the demonic crawler! You freeze the demonic crawler.
The ufetubus hits you but does no damage. x2
The demonic crawler misses you.
The demonic crawler hits you but does no damage.
The demonic crawler hits you!
* * * LOW HITPOINT WARNING * * *
The ufetubus closely misses you. x2 šŸ˜Ø HP[-11]
You take 11 damage, and now have 33/90 hp.
Unknown command.
Okay, then.
Okay, then.
You feel very mighty all of a sudden.
The ynoxinul hits you but does no damage.
The ufetubus hits you but does no damage.
The ufetubus misses you. You block the demonic crawler's attack.
The demonic crawler hits you!
* * * LOW HITPOINT WARNING * * *
The demonic crawler hits you.
* * * LOW HITPOINT WARNING * * *
šŸ˜± HP[-12]
You take 12 damage, and now have 21/90 hp.
You feel much better.
The ufetubus hits you but does no damage.
The ufetubus closely misses you. The demonic crawler misses you.
The demonic crawler hits you!
* * * LOW HITPOINT WARNING * * *
The demonic crawler hits you.
* * * LOW HITPOINT WARNING * * *
You block the ynoxinul's attack.
The ufetubus hits you but does no damage.
The ufetubus barely misses you. The demonic crawler hits you!
* * * LOW HITPOINT WARNING * * *
The demonic crawler hits you.
* * * LOW HITPOINT WARNING * * *
The demonic crawler barely misses you. šŸ˜± HP[-8]
You take 8 damage, and now have 13/90 hp.
Unknown command.
Okay, then.
You puncture the demonic crawler! You freeze the demonic crawler.
The ufetubus closely misses you. You block the ufetubus's attack.
You block the ynoxinul's attack. The demonic crawler hits you.
* * * LOW HITPOINT WARNING * * *
The demonic crawler barely misses you. The demonic crawler hits you.
* * * LOW HITPOINT WARNING * * *
The ufetubus misses you.
The ufetubus hits you but does no damage.
The ynoxinul gestures. šŸ˜± HP[-3]
You take 3 damage, and now have 10/90 hp.
You hit the demonic crawler. You freeze the demonic crawler.
The demonic crawler shrieks in warning!
The ufetubus barely misses you.
The ufetubus hits you but does no damage.
The ynoxinul gestures.
The demonic crawler misses you. The demonic crawler hits you.
* * * LOW HITPOINT WARNING * * *
The demonic crawler barely misses you. The ufetubus misses you.
The ufetubus closely misses you.
You hear a bellow! šŸ˜± HP[-2]
You take 2 damage, and now have 8/90 hp.
You puncture the demonic crawler! You freeze the demonic crawler.
The demonic crawler closely misses you. The demonic crawler hits you!
You die...

Skill      XL: |  1  2  3  4  5  6  7  8  9 |
---------------+----------------------------+-----
Unarmed Combat | 2 3 |  3.6
Fighting       | 3 4 5 7 8 11 12 | 12.0
Dodging        | 5 |  5.4
Armour         | |  2.6
Shields        | |  2.6

Action                   |  1- 3 |  4- 6 |  7- 9 || total
-------------------------+-------+-------+-------++-------
Melee: Unarmed           |   158 |       |       ||   158
       Short sword       |    18 |    94 |   279 ||   391
Throw: Stone             |   103 |    21 |   122 ||   246
Evoke: Wand              |       |       |     2 ||     2
  Use: Scroll            |     6 |     1 |     8 ||    15
       Potion            |       |     3 |     9 ||    12
Armor: Scale mail        |    81 |    45 |   120 ||   246
       Skin              |       |       |    38 ||    38
Dodge: Dodged            |    51 |    38 |   141 ||   230
Block: Buckler           |    45 |    26 |    86 ||   157

Levels and vault maps discovered:
D:1:      saegor_arrival_simple_d, layout_loops_ring,
          shapermc_ecumenical_altar_mp_vishouse, minmay_tall_x
D:2:      layout_rooms, basic_altar, kennysheep_generic_room_4
D:3:      layout_basic, uniq_robin, uniq_terence, uniq_crazy_yiuf_cottage
D:4:      layout_layer_cave, gammafunk_temple_overflow_forgotten,
          minmay_temple_entry_junction, serial_shops,
          nicolae_shop_bloodbath_and_beyond, nicolae_shop_waterfront, shop,
          nicolae_shop_hallway_plus, shop, minmay_distorted
D:5:      layout_gridville, zin_purify, uniq_pikel, uniq_ijyb
D:6:      layout_loops_cross, st_stairs_11
D:7:      layout_cave_pods
D:8:      layout_basic, tso_oasis_becter, nicolae_sif_muna_condensation,
          minmay_lair_entry_grove, enter_bailey_5, disabler_island,
          uniq_prince_ribbit1
D:9:      layout_basic, uniq_psyche
Abyss:3:  base: Temple, minivault_11, minivault_25, minivault_25_ag,
          dshaligram_kb_abyss_rune_zappy_water_cross,
          nicolae_abyss_rune_star_stuff

Notes
Turn   | Place    | Note
-------+----------+-------------------------------------------
     0 | D:1      | spaghetti the Demigod Fighter began the quest for the Orb.
     0 | D:1      | Reached XP level 1. HP: 18/18 MP: 3/3
     0 | D:1      | magus.rc [v1.9.6]
    49 | D:1      | Reached skill level 2 in Unarmed Combat
   516 | D:1      | Reached XP level 2. HP: 16/25 MP: 4/4
   933 | D:1      | Reached skill level 3 in Unarmed Combat
  1294 | D:2      | Reached XP level 3. HP: 25/30 MP: 5/5
  1901 | D:2      | Identified the +9 short sword "Pulaiff" {freeze, *Noise
                  | rC++ Str+7}
  2061 | D:3      | Reached skill level 3 in Fighting
  2231 | D:3      | Reached XP level 4. HP: 38/38 MP: 6/6
  2325 | D:3      | Noticed Terence
  2332 | D:3      | Killed Terence
  2499 | D:3      | Reached skill level 4 in Fighting
  2503 | D:3      | Noticed Robin
  2517 | D:3      | Killed Robin
  2851 | D:3      | Reached XP level 5. HP: 46/47 MP: 7/7
  2935 | D:3      | Found a runed translucent door.
  2936 | D:3      | Noticed Crazy Yiuf
  3309 | D:3      | Killed Crazy Yiuf
  3365 | D:3      | Reached skill level 5 in Fighting
  3370 | D:3      | HP: 12/48 [orc priest/divine providence (11)]
  3703 | D:5      | Entered Level 5 of the Dungeon
  3858 | D:5      | Found Zin's Purification Station.
  3864 | D:5      | Bought 2 potions of curing for 180 gold pieces
  3878 | D:5      | Noticed Ijyb
  3883 | D:5      | Reached XP level 6. HP: 56/56 MP: 8/8
  3889 | D:5      | Killed Ijyb
  3920 | D:5      | Noticed Pikel
  3987 | D:5      | HP: 19/85 [Pikel/+1 whip of freezing (7)]
  3989 | D:5      | Killed Pikel
  3990 | D:5      | Reached skill level 7 in Fighting
  3990 | D:5      | Reached XP level 7. HP: 22/67 MP: 9/9
  4624 | D:5      | Reached skill level 8 in Fighting
  5172 | D:6      | Reached XP level 8. HP: 70/77 MP: 10/10
  5218 | D:6      | Reached skill level 9 in Fighting
  5483 | D:6      | Identified the +6 flail of Iceufuv {protect, rElec rF+}
  6219 | D:7      | Reached skill level 10 in Fighting
  7101 | D:7      | Reached skill level 11 in Fighting
  7374 | D:7      | Reached XP level 9. HP: 78/89 MP: 11/11
  7792 | D:8      | You pick up a book of the Hunter and begin reading...
  7792 | D:8      | You add the spells Call Canine Familiar, Portal Projectile
                  | and Leda's Liquefaction to your library.
  7814 | D:8      | Reached skill level 12 in Fighting
  8017 | D:8      | Noticed Prince Ribbit
  8041 | D:8      | Killed Prince Ribbit
  8042 | D:8      | Reached skill level 2 in Dodging
  8109 | D:8      | Reached skill level 3 in Dodging
  8188 | D:8      | Reached skill level 4 in Dodging
  8191 | D:8      | HP: 33/135 [something (1)]
  8297 | D:8      | Reached skill level 5 in Dodging
  8662 | D:9      | Noticed Psyche
  8664 | D:9      | You are cast into the Abyss!
  8664 | D:9      | Cast into level 1 of the Abyss (Psyche)
  8708 | Abyss:1  | Noticed a smoke demon
  8716 | Abyss:1  | Noticed an orange demon
  8798 | Abyss:3  | Noticed a demonic crawler
  8807 | Abyss:3  | HP: 21/90 [demonic crawler (4)]
  8809 | Abyss:3  | HP: 10/90 [demonic crawler (2)]
  8811 | Abyss:3  | Slain by a demonic crawler

Vanquished Creatures
  Pikel (D:5)
  Prince Ribbit (D:8)
  3 yaks (D:8)
  5 wyverns
  A steam dragon (D:6)
  A small abomination (Abyss:3)
  2 water moccasins
  An ice beast (D:6)
  A sky beast (D:6)
  A black bear (D:8)
  A wolf (D:8)
  2 centaurs
  2 lemures (D:5)
  2 phantoms
  A kobold brigand (D:6)
  4 bullfrogs
  A gnoll sergeant (D:6)
  A necrophage (D:6)
  5 howler monkeys
  5 hounds
  An orc priest (D:3)
  2 jellies
  Crazy Yiuf (D:3)
  Terence (D:3)
  Ijyb (D:5)
  3 iguanas
  4 orc wizards
  Robin (D:3)
  9 gnolls
  4 adders
  2 white imps
  An ufetubus (D:3)
  2 dart slugs
  2 worms
  29 orcs
  6 bats
  3 endoplasms
  4 giant cockroaches
  21 goblins
  8 hobgoblins
  4 kobolds
  6 quokkas
  7 ball pythons
  4 frilled lizards
  6 rats
173 creatures vanquished.

Vanquished Creatures (others)
  9 fungi (D:8)
  17 plants (D:8)
26 creatures vanquished.

Grand Total: 199 creatures vanquished

Table legend:
 A = Non-vault XP
 B = Vault XP
 C = Vault XP percentage of total XP
 D = Non-vault monster count
 E = Vault monster count
 F = Vault count percentage of total count
                 A         B        C        D         E       F
            +---------+---------+-------+---------+---------+-------
      Total |    3860 |    2173 |  36.0 |     138 |      33 |  19.3
            +---------+---------+-------+---------+---------+-------
        D:1 |      39 |       8 |  17.0 |      25 |       4 |  13.8
        D:2 |      27 |       1 |   3.6 |      13 |       1 |   7.1
        D:3 |     204 |     110 |  35.0 |      23 |      13 |  36.1
        D:4 |      23 |       0 |   0.0 |       5 |       0 |   0.0
        D:5 |     398 |     699 |  63.7 |      13 |       2 |  13.3
        D:6 |     993 |     165 |  14.2 |      18 |       3 |  14.3
        D:7 |     733 |       0 |   0.0 |      14 |       0 |   0.0
        D:8 |    1132 |    1190 |  51.2 |      23 |      10 |  30.3
        D:9 |     311 |       0 |   0.0 |       3 |       0 |   0.0
    Abyss:3 |       0 |       0 |   N/A |       1 |       0 |   0.0
            +---------+---------+-------+---------+---------+-------

Illustrated notes

Table legend:
 A = Kills in this place as a percentage of kills in entire the game.
 B = Kills by you in this place as a percentage of kills by you in the entire game.
 C = Kills by friends in this place as a percentage of kills by friends in the entire game.
 D = Other kills in this place as a percentage of other kills in the entire game.
 E = Experience gained in this place as a percentage of experience gained in the entire game.
 F = Experience gained in this place divided by the number of levels of this place that you have seen.
                   A       B       C       D       E      F
               +-------+-------+-------+-------+-------+----------------------
         Total | 100.0 | 100.0 |   N/A |   N/A | 100.0 | 502.8
       Dungeon |  99.4 |  99.4 |   N/A |   N/A | 100.0 | 670.3
         Abyss |   0.6 |   0.6 |   N/A |   N/A |   0.0 |   0.0
               +-------+-------+-------+-------+-------+----------------------

Table legend: (Time is in decaauts)
 A = Elapsed time spent in this place.
 B = Non-inter-level travel time spent in this place.
 C = Inter-level travel time spent in this place.
 D = Time resting spent in this place.
 E = Time spent auto-exploring this place.
 F = Levels seen in this place.
 G = Mean time per level.
                   A        B        C        D        E       F      G
               +--------+--------+--------+--------+--------+-----+--------+
         Total |   8911 |   8642 |    269 |   1899 |   5154 |  12 |  742.6 |
       Dungeon |   8763 |   8494 |    269 |   1899 |   5154 |   9 |  973.7 |
         Abyss |    148 |    148 |      0 |      0 |      0 |   3 |   49.3 |
               +--------+--------+--------+--------+--------+-----+--------+

Top non-repeatable levels by time:
     D:3: 1645 daAuts
     D:5: 1428 daAuts
     D:6: 1403 daAuts
     D:1: 1288 daAuts
     D:7: 1044 daAuts
     D:8: 1013 daAuts
     D:2: 732 daAuts
     D:9: 139 daAuts
 Abyss:3: 76 daAuts
     D:4: 67 daAuts
 Abyss:1: 57 daAuts
 Abyss:2: 13 daAuts
